 Dungeon Crawl Stone Soup version 0.29.1-2-gbd0b4ee654 (webtiles) character file.

Game seed: 5764221307103233731

1492 tevo3000 the Protected (level 8, -2/51 HPs)
             Began as a Gargoyle Fighter on Nov 27, 2022.
             Was a High Priest of Ignis.
             Slain by Gastronok (21 damage)
             ... on level 8 of the Dungeon.
             The game lasted 00:19:24 (5614 turns).

tevo3000 the Protected (Gargoyle Fighter)           Turns: 5614, Time: 00:19:25

Health: -2/51      AC: 25    Str: 22    XL:     8   Next: 80%
Magic:  8/8        EV:  6    Int:  9    God:    Ignis [*****.]
Gold:   121        SH:  4    Dex:  9    Spells: 7/7 levels left

rFire   + . .      SeeInvis .   a - +1 flail
rCold   . . .      Faith    .   c - +0 buckler
rNeg    + . .      Spirit   .   h - +0 plate armour
rPois   ∞          Reflect  .   m - +2 helmet
rElec   +          Harm     .   t - scarf {repulsion}
rCorr   .          Rampage  .   w - +0 pair of gloves
Will    +....                   n - +0 pair of boots
Stlth   ..........              (no amulet)
HPRegen 0.17/turn               v - ring of willpower
MPRegen 0.11/turn               (no ring)

@: mighty, invisible, repel missiles
A: sickness immunity, AC +5, negative energy resistance 1, electricity
resistance, torment resistance 1, petrification resistance
a: Renounce Religion, Fiery Armour, Foxfire Swarm, Rising Flame


You were on level 8 of the Dungeon.
You worshipped Ignis.
Ignis was extremely pleased with you.
You visited 1 branch of the dungeon, and saw 7 of its levels.

You collected 353 gold pieces.
You spent 232 gold pieces at shops.

Inventory:

Hand Weapons
 a - a +1 flail (weapon)
Armour
 b - a +0 scale mail
 c - a +0 buckler (worn)
 h - a +0 plate armour (worn)
 m - a +2 helmet (worn)
 n - a +0 pair of boots (worn)
 r - a +0 helmet
 t - a scarf of repulsion (worn)
 w - a +0 pair of gloves (worn)
Jewellery
 i - a +4 ring of protection
 v - a ring of willpower (left hand)
Scrolls
 e - 3 scrolls of teleportation
 f - 3 scrolls of identify
 l - 2 scrolls of blinking
 o - 2 scrolls of vulnerability
 p - 2 scrolls of butterflies
 q - 2 scrolls of silence
Potions
 d - 2 potions of might
 j - 2 potions of lignification {unknown}
 k - a potion of cancellation {unknown}
 s - a potion of berserk rage {unknown}
 z - a potion of degeneration {unknown}
 A - a potion of flight


   Skills:
 + Level 6.2 Fighting
 * Level 6.9 Maces & Flails
 * Level 8.1 Armour
 - Level 3.3 Shields


You had 7 spell levels left.
You didn't know any spells.
Your spell library was empty.

Dungeon Overview and Level Annotations

Branches:
Dungeon (6/15)             Temple (0/1) D:6

Altars:
Ignis

Shops:
D:1 *   D:6 [

Portals:
Bailey: D:8

Annotations:
D:8 Gastronok


Innate Abilities, Weirdness & Mutations

You are immune to sickness and miasma.
Your stone body is resilient. (AC +5)
You are immune to poison.
You resist negative energy. (rN+)
You are resistant to electric shocks. (rElec)
You are resistant to unholy torment.
You are immune to petrification.


Message History

The bat hits you but does no damage. The rat barely misses you.
The rat bites you but does no damage.
Gastronok's eyestalks stretch out, then return to normal size.
You block the river rat's attack.
You feel very mighty all of a sudden. You block the bat's attack.
The rat barely misses you. The rat bites you but does no damage.
The river rat bites you but does no damage.
It was a potion of invisibility.
You fade into invisibility!
The bat hits you but does no damage.
The rat bites you but does no damage. x2
Gastronok bites you but does no damage. The river rat barely misses you.
You hit Gastronok.
Gastronok is moderately wounded.
The bat barely misses you.
The rat bites you but does no damage. x2
You block the river rat's attack.
You sock Gastronok!
Gastronok is heavily wounded.
The rat barely misses you. The bat hits you but does no damage.
Gastronok completely misses you.
You sock Gastronok!
Gastronok is heavily wounded.
The bat hits you but does no damage. The rat bites you but does no damage.
The river rat closely misses you. The rat bites you but does no damage.
The bat hits you but does no damage.
You sock Gastronok!
Gastronok is heavily wounded.
The bat barely misses you. You block Gastronok's attack.
The rat bites you but does no damage.
You sock Gastronok!
Gastronok is severely wounded.
The bat hits you but does no damage. You block the rat's attack.
You sock Gastronok!
Gastronok is severely wounded.
The bat hits you but does no damage. Gastronok completely misses you.
The rat barely misses you. You block the rat's attack.
You sock Gastronok!
Gastronok is almost dead.
The bat closely misses you. Gastronok bites you!!
You die...

.....### ......
... ..... #...
.... #.... #.b#
...# #..# ##..#
##..######..#
#rr@.......#
#.rw........##
###+#######...#
#.#.#.#
##..#######.
#.8 #.#
##.....#....
#.# #.#
#...........
#.#.8.#
##...........
#.#.#.#
##........###.
#.8.#.#
#.......###


You could see Gastronok (swift), a river rat (summoned, unable to see you), a
bat (summoned) and 2 rats.

Vanquished Creatures
  2 water moccasins (D:6)
  A black bear (D:4)
  A sky beast (D:6)
  A centaur (D:5)
  A kobold brigand (D:6)
  A phantom (D:5)
  A bullfrog (D:6)
  3 scorpions
  2 necrophages
  4 orc priests (D:6)
  2 hounds
  Jessica (D:2)
  3 iguanas (D:5)
  An orc wizard (D:6)
  9 adders
  A shadow imp (D:5)
  2 white imps (D:6)
  An ufetubus (D:5)
  2 worms
  4 dart slugs
  12 orcs
  5 ball pythons
  7 bats
  4 endoplasms
  4 giant cockroaches
  8 goblins
  5 hobgoblins
  8 jackals (D:3)
  10 kobolds
  3 quokkas
  A frilled lizard (D:3)
  5 rats
115 creatures vanquished.

Vanquished Creatures (others)
  A black bear (D:6)
  A hound (D:6)
2 creatures vanquished.

Grand Total: 117 creatures vanquished

Notes
Turn   | Place    | Note
-------+----------+-------------------------------------------
     0 | D:1      | tevo3000 the Gargoyle Fighter began the quest for the Orb.
     0 | D:1      | Reached XP level 1. HP: 14/14 MP: 1/1
   336 | D:1      | Reached XP level 2. HP: 19/19 MP: 2/2
   340 | D:1      | Found a faded altar of an unknown god.
   344 | D:1      | Prayed at the altar of an unknown god.
   344 | D:1      | Became a worshipper of Ignis, the Dying Flame
   412 | D:1      | Found Dimn's General Store.
   705 | D:2      | Reached XP level 3. HP: 21/23 MP: 3/3
   796 | D:2      | Reached skill level 4 in Armour
  1131 | D:2      | Reached XP level 4. HP: 29/29 MP: 4/4
  1190 | D:2      | Noticed Jessica
  1200 | D:2      | Killed Jessica
  1786 | D:2      | Reached XP level 5. HP: 33/33 MP: 5/5
  2514 | D:4      | Reached skill level 5 in Armour
  2656 | D:4      | Reached XP level 6. HP: 37/39 MP: 6/6
  2829 | D:4      | Noticed a black bear
  2842 | D:4      | Killed a black bear
  3333 | D:5      | Entered Level 5 of the Dungeon
  3607 | D:5      | Reached skill level 6 in Armour
  3607 | D:5      | Reached XP level 7. HP: 33/44 MP: 7/7
  3816 | D:5      | Reached skill level 5 in Maces & Flails
  3826 | D:5      | Reached skill level 5 in Fighting
  4262 | D:6      | Reached XP level 8. HP: 24/50 MP: 8/8
  4278 | D:6      | Reached skill level 7 in Armour
  4306 | D:6      | Found a staircase to the Ecumenical Temple.
  5261 | D:6      | Reached skill level 8 in Armour
  5334 | D:6      | Found Oshrus's Antique Armour Boutique.
  5343 | D:6      | Bought a glowing helmet for 232 gold pieces
  5524 | D:6      | You fall into a shaft and drop 2 floors!
  5571 | D:8      | Found a flagged portal.
  5586 | D:8      | Noticed Gastronok
  5614 | D:8      | Slain by Gastronok

Illustrated notes

Levels and vault maps discovered:
D:1:      denvon_arrival_waterhouse, layout_rooms, serial_shops,
          nicolae_shop_trees, shapermc_ecumenical_altar_petra
D:2:      layout_basic, minmay_close_crescents, uniq_jessica
D:3:      layout_rooms
D:4:      layout_cave_pods, grunt_decor_junction
D:5:      minmay_inner_zag, layout_cave_pools, chequers_serial_rivers_marsh
D:6:      layout_rooms, lemuel_temple_firewalk_b, chequers_ossuary_entry_cave,
          serial_shops, shop, hangedman_decor_lopped
D:8:      layout_layer_cave, worldfamousw_hep_ancestral_shrine,
          dpeg_oklobed_lair, enter_bailey_8, minmay_circle_x, uniq_gastronok

Skill      XL: |  1  2  3  4  5  6  7  8 |
---------------+-------------------------+-----
Armour         | 4 5 6 8 |  8.1
Maces & Flails | 3 4 5 6 |  6.9
Fighting       | 4 5 6 |  6.2
Shields        | |  3.3

Action                   |  1- 3 |  4- 6 |  7- 9 || total
-------------------------+-------+-------+-------++-------
Melee: Flail             |   112 |   190 |   208 ||   510
  Use: Potion            |       |     2 |     6 ||     8
       Scroll            |       |       |    12 ||    12
 Stab: Held in net/web   |     2 |       |       ||     2
Armor: Scale mail        |    88 |   161 |   125 ||   374
       Plate armour      |       |       |    54 ||    54
Dodge: Dodged            |    69 |   114 |   127 ||   310
Block: Buckler           |    28 |    35 |    40 ||   103
